 Dungeon Crawl Stone Soup version 0.24-a0-381-g637bb3806f (webtiles) character file.

Game seed: 11233860645313714643

386 Lanoc the Grave Robber (level 6, -1/41 HPs)
             Began as a Vampire Necromancer on June 3, 2019.
             Slain by Pikel
             ... wielding a +0 whip of electrocution
              (12 damage)
             ... on level 4 of the Dungeon.
             The game lasted 00:12:27 (4738 turns).

Lanoc the Grave Robber (Vampire Necromancer)        Turns: 4738, Time: 00:12:28

Health: -1/41      AC:  2    Str:  7    XL:     6   Next: 48%
Magic:  11/11      EV: 14    Int: 19    God:
Gold:   165        SH:  0    Dex: 15    Spells: 4/12 levels left

rFire    . . .     SeeInvis +   k - +6 trident (vamp)
rCold    . . .     Gourm    .   (no shield)
rNeg     . . .     Faith    .   a - +0 robe
rPois    .         Spirit   .   (no helmet)
rElec    .         Reflect  .   (no cloak)
rCorr    .         Harm     .   (no gloves)
MR       .....                  (no boots)
Stlth    ++........             (no amulet)
HPRegen  0.33/turn              (no ring)
MPRegen  0.12/turn              (no ring)

@: regenerating quickly
A: fangs 3, see invisible, unbreathing
a: no special abilities


You were on level 4 of the Dungeon.
You were full.

You visited 1 branch of the dungeon, and saw 4 of its levels.

You collected 165 gold pieces.

Inventory:

Hand Weapons
 k - a +6 vampiric trident (weapon)
Missiles
 d - 10 poisoned darts (quivered)
 i - a throwing net
Armour
 a - a +0 robe (worn)
Scrolls
 b - 4 scrolls of magic mapping
 e - 4 scrolls of enchant armour
 f - a scroll of amnesia
 g - a scroll of teleportation
 h - a scroll of blinking
 n - 2 scrolls of identify
 o - 2 scrolls of remove curse
Potions
 j - a potion of brilliance
 m - a potion of haste


   Skills:
 + Level 4.2 Dodging
 - Level 3.0 Stealth
 + Level 3.5 Spellcasting
 * Level 6.9 Necromancy


You had 4 spell levels left.
You knew the following spells:

 Your Spells              Type           Power        Failure   Level  Hunger
a - Pain                  Necr           ####         1%          1    None
c - Vampiric Draining     Necr           ####......   2%          3    ###....
d - Animate Dead          Necr           N/A          9%          4    ####...

Your spell library contained the following spells:

 Spells                   Type           Power        Failure   Level  Hunger
 Animate Skeleton         Necr           N/A          1%          1    None
 Regeneration             Chrm/Necr      ###.......   11%         3    ###....


Dungeon Overview and Level Annotations

Branches:
Dungeon (4/15)
 Temple: D:4-7

Altars:
Fedhas

Shops:
D:4 =

Annotations:
D:3 2 transporters, sking99's ghost, amateur DrTm
D:4 Pikel


Innate Abilities, Weirdness & Mutations

Your natural rate of healing is unusually fast.
You have razor-sharp teeth.
You have supernaturally acute eyesight. (SInv)
You can survive without breathing.


Message History

As you read the scroll of blinking, it crumbles to dust.
There is an open door here.
Your magical contamination has completely faded away.
You start resting.
HP restored.
There is a stone staircase leading up here.
Pikel is too close now for your liking.
No target in view!
There is an open door here.
There is an open door here.
You barely miss Pikel.
Pikel shouts!
Pikel barely misses you.
You closely miss Pikel.
Pikel hits you with a +0 whip of electrocution.
You are electrocuted!!
Pikel hits you with a +0 whip of electrocution!
* * * LOW HITPOINT WARNING * * *
You are electrocuted!
You die...

##....#............#.............
......#............#........∩)...
......#............'.......######
......#............#.......##....
......#............#.............
......#.....##....###########....
......#.....###'####..[....##....
##....#......#....#.......)......
##....#......#..@.#.......)......
#.....#......#..K.#.......)##...#
#.....#......#....#........###'##
#.....#.....########.............
##...#####'## #.............
######.....## #.......##....
#.......# #########.....
#.......# #....# #.......# ######


You could see Pikel.

Vanquished Creatures
  A phantom (D:4)
  A crimson imp (D:4)
  A centaur zombie (D:4)
  A centaur skeleton (D:4)
  An orc wizard (D:4)
  2 worker ants (D:4)
  A hound skeleton (D:4)
  4 adders
  2 worms
  3 leopard geckos
  3 orcs
  8 bats
  6 giant cockroaches
  6 goblins
  11 hobgoblins
  6 jackals
  A quokka (D:4)
  3 frilled lizards
  8 kobolds
  A quokka skeleton (D:4)
  5 rats
75 creatures vanquished.

Vanquished Creatures (collateral kills)
  A leopard gecko (D:1)
  A hobgoblin (D:1)
  2 rats (D:1)
4 creatures vanquished.

Grand Total: 79 creatures vanquished

Notes
Turn   | Place    | Note
-------+----------+-------------------------------------------
     0 | D:1      | Lanoc the Vampire Necromancer began the quest for the Orb.
     0 | D:1      | Reached XP level 1. HP: 13/13 MP: 3/3
    42 | D:1      | Learned a level 1 spell: Animate Skeleton
   449 | D:1      | Reached XP level 2. HP: 19/19 MP: 3/5
  1492 | D:1      | Reached skill level 5 in Necromancy
  1905 | D:1      | Reached XP level 3. HP: 6/24 MP: 2/6
  2266 | D:2      | Learned a level 3 spell: Vampiric Draining
  2522 | D:2      | Found a blossoming altar of Fedhas.
  2627 | D:2      | Reached XP level 4. HP: 15/30 MP: 0/7
  3113 | D:3      | Noticed a hungry ghost
  3142 | D:3      | Found a transporter.
  3144 | D:3      | Found a transporter.
  3145 | D:3      | Noticed sking99's ghost (amateur DrTm)
  3760 | D:4      | Reached XP level 5. HP: 25/35 MP: 6/9
  3767 | D:4      | Learned a level 4 spell: Animate Dead
  3792 | D:4      | Noticed a phantom
  3825 | D:4      | Found Uluof's Jewellery Shoppe.
  3829 | D:4      | Reached skill level 6 in Necromancy
  4062 | D:4      | Noticed a slave
  4062 | D:4      | Noticed a slave
  4063 | D:4      | Noticed Pikel
  4063 | D:4      | Noticed a slave
  4063 | D:4      | Noticed a slave
  4193 | D:4      | Killed a phantom
  4193 | D:4      | Reached XP level 6. HP: 30/41 MP: 9/11
  4738 | D:4      | Slain by Pikel

Levels and vault maps discovered:
D:1:      psy_arrival_terrarium, layout_loops_ring
D:2:      layout_loops_ring, first_ration, fedhas_altar_1
D:3:      layout_loops_ring, gammafunk_ghost_mausoleum
D:4:      layout_gridville, serial_shops, shop, minmay_crystal_room, uniq_pikel

Skill      XL: |  1  2  3  4  5 |
---------------+----------------+-----
Necromancy     | 5 6 |  6.9
Dodging        | 3 4 |  4.2
Spellcasting   | 3 |  3.5
Stealth        | |  3.0

Action                   |  1- 3 |  4- 6 || total
-------------------------+-------+-------++-------
Melee: Unarmed           |    56 |    11 ||    67
       Bite              |     3 |    16 ||    19
       Whip              |       |    57 ||    57
       Trident           |       |    89 ||    89
Throw: Dart              |     6 |       ||     6
 Cast: Pain              |    73 |    29 ||   102
       Animate Skeleton  |     7 |       ||     7
  Use: Potion            |    12 |    14 ||    26
       Scroll            |     6 |    13 ||    19
 Stab: Distracted        |     1 |       ||     1
       Invisible         |       |     3 ||     3
       Sleeping          |       |     2 ||     2
Armor: Robe              |    12 |    18 ||    30
Dodge: Dodged            |    59 |   154 ||   213

Table legend:
 A = Non-vault XP
 B = Vault XP
 C = Vault XP percentage of total XP
 D = Non-vault monster count
 E = Vault monster count
 F = Vault count percentage of total count
                 A         B        C        D         E       F
            +---------+---------+-------+---------+---------+-------
      Total |     552 |       0 |   0.0 |      79 |       0 |   0.0
            +---------+---------+-------+---------+---------+-------
        D:1 |      52 |       0 |   0.0 |      25 |       0 |   0.0
        D:2 |      62 |       0 |   0.0 |      27 |       0 |   0.0
        D:3 |      49 |       0 |   0.0 |      11 |       0 |   0.0
        D:4 |     389 |       0 |   0.0 |      16 |       0 |   0.0
            +---------+---------+-------+---------+---------+-------
